 Dungeon Crawl Stone Soup version 0.18-a0-844-g9229740 (webtiles) character file.

275 tof the Ruffian (level 6, -1/79 HPs)
             Began as a Minotaur Monk on Dec 18, 2015.
             Slain by Pikel
             ... wielding a +0 whip of flaming
              (5 damage)
             ... on level 4 of the Dungeon.
             The game lasted 00:10:35 (3259 turns).

tof the Ruffian (Minotaur Monk)                     Turns: 3259, Time: 00:10:35

Health: -1/79      AC:  5    Str: 21    XL:     6   Next: 3%
Magic:  14/14      EV: 17    Int:  7    God:
Gold:   230        SH:  0    Dex: 14    Spells: 0 memorised, 5 levels left

rFire  . . .     SeeInvis +     a - +1 spear
rCold  . . .     Gourm    .     t - +0 leather armour of Vanity {MR- MP+9 SInv Stlth+}
rNeg   . . .     Faith    .     (no shield)
rPois  +         Spirit   .     (helmet restricted)
rElec  .         Dismiss  .     c - +1 cloak
rCorr  .         Reflect  .     (no gloves)
SustAt .         Harm     .     (no boots)
MR     .....                    (no amulet)
Stlth  ..........               r - ring of poison resistance
                                q - +3 ring of evasion

@: berserking, very quick, not resistant to hostile enchantments, extremely
unstealthy
A: retaliatory headbutt, horns 2
a: no special abilities


You were on level 4 of the Dungeon.
You were hungry.

You visited 1 branch of the dungeon, and saw 4 of its levels.

You collected 230 gold pieces.

Inventory:

Hand Weapons
 a - a +1 spear (weapon)
Armour
 c - a +1 cloak (worn)
 e - a +0 leather armour
 f - a +0 ring mail
 t - the +0 leather armour of Vanity (worn) {MR- MP+9 SInv Stlth+}
   (You found it on level 4 of the Dungeon)

   It affects your resistance to hostile enchantments.
   It affects your magic capacity (+9).
   It lets you see invisible.
   It makes you more stealthy.
Jewellery
 g - an uncursed ring of see invisible
 q - a +3 ring of evasion (left hand)
 r - a ring of poison resistance (right hand)
 s - an uncursed ring of ice
Scrolls
 d - a scroll of magic mapping {unknown}
 j - a scroll of blinking {unknown}
 k - 4 scrolls of identify
 l - 2 scrolls of teleportation
Potions
 h - a potion of brilliance
 n - a potion of invisibility
 p - a potion of agility
Comestibles
 b - 3 bread rations
 m - a meat ration


   Skills:
 + Level 4.7 Fighting
 + Level 1.4 Polearms
 + Level 3.5 Armour
 + Level 4.5 Dodging
 + Level 2.3 Stealth
 + Level 5.0 Unarmed Combat


You had 5 spell levels left.
You didn't know any spells.

Dungeon Overview and Level Annotations

Branches:
Dungeon (4/15)
 Temple: D:4-7

Altars:
Vehumet

Shops:
D:4 (

Annotations:
D:4 Pikel


Innate Abilities, Weirdness & Mutations

You reflexively headbutt those who attack you in melee.
You have a pair of horns on your head.


Message History

Drink which item? (? for menu, Esc to quit)
A red film seems to cover your vision as you go berserk!
You feel yourself moving faster!
You feel mighty! Pikel hits you but does no damage.
You barely miss Pikel. Your headbutt misses Pikel.
Pikel is lightly wounded.
Pikel hits you with a whip of flaming.
* * * LOW HITPOINT WARNING * * *
Pikel burns you.
* * * LOW HITPOINT WARNING * * *
You hit Pikel. You headbutt Pikel!
Pikel is moderately wounded.
Pikel hits you with a whip of flaming.
* * * LOW HITPOINT WARNING * * *
Pikel burns you.
* * * LOW HITPOINT WARNING * * *
You puncture Pikel!
Pikel is severely wounded.
Pikel hits you with a whip of flaming.
You die...

.... ..... #..... ...... ......
#..... ..... ####### ###########.
##.. ......#######...@Kppp...
####...
..............#############......
......######### #...#....
......### ##.##..... ........###
#####..##.#...
..........##########.............
#.............##...............).
#......(..###.##.####.........#..
#................>.##............


You could see Pikel and 3 slaves.

Vanquished Creatures
  A slave (D:4)
  A scorpion (D:4)
  A hound (D:4)
  Jessica (D:2)
  Ijyb (D:3)
  A hound skeleton (D:4)
  6 adders
  2 oozes
  An adder skeleton (D:4)
  2 worms
  5 giant geckos
  2 orcs
  6 ball pythons
  4 giant cockroaches
  4 hobgoblins
  6 kobolds
  2 quokkas
  6 bats
  3 giant newts
  5 goblins
  8 rats
68 creatures vanquished.

Notes
Turn   | Place    | Note
--------------------------------------------------------------
     0 | D:1      | tof the Minotaur Monk began the quest for the Orb.
     0 | D:1      | Reached XP level 1. HP: 19/19 MP: 0/0
   257 | D:1      | Reached XP level 2. HP: 22/27 MP: 1/1
   894 | D:2      | Reached skill level 5 in Unarmed Combat
   931 | D:2      | Reached XP level 3. HP: 18/33 MP: 2/2
  1392 | D:2      | Found a radiant altar of Vehumet.
  1399 | D:2      | Reached skill level 1 in Armour
  1465 | D:2      | Noticed Jessica
  1474 | D:2      | Killed Jessica
  1474 | D:2      | Reached XP level 4. HP: 25/41 MP: 3/3
  2137 | D:3      | Noticed Ijyb
  2148 | D:3      | Killed Ijyb
  2148 | D:3      | Reached XP level 5. HP: 38/47 MP: 4/4
  2541 | D:3      | Reached skill level 1 in Polearms
  3063 | D:4      | Found Wurie's Weapon Shop.
  3123 | D:4      | Reached XP level 6. HP: 49/53 MP: 5/5
  3172 | D:4      | Got a bronze leather armour
  3183 | D:4      | Identified the cursed +0 leather armour of Vanity {MR- MP+9 SInv Stlth+} (You found it on level 4 of the Dungeon)
  3239 | D:4      | Noticed Pikel
  3259 | D:4      | Slain by Pikel

Vault maps used:
D:1:      dpeg_arrival_connections
D:2:      lemuel_round_altar, kennysheep_jessica_study
D:3:      minmay_shallow_snake_nest, uniq_iyjb
D:4:      serial_shops, nicolae_shop_behind_doors, first_bread, uniq_pikel

Action                   |  1- 3 |  4- 6 || total
-------------------------+-------+-------++-------
Melee: Dagger            |    24 |       ||    24
       Spear             |    68 |   110 ||   178
  Use: Scroll            |       |     9 ||     9
       Potion            |       |     7 ||     7
 Stab: Sleeping          |     2 |     2 ||     4
  Eat: Chunk             |     2 |     1 ||     3
       Bread ration      |       |     1 ||     1
